 Dungeon Crawl Stone Soup version 0.29.1-15-g9cfb28693d (webtiles) character file.

Game seed: 12605649877338748878

6 croobank the Grave Robber (level 1, -2/14 HPs)
             Began as a Ghoul Necromancer on May 2, 2023.
             Slain by a ball python (3 damage)
             ... on level 1 of the Dungeon.
             The game lasted 00:02:15 (125 turns).

croobank the Grave Robber (Ghoul Necromancer)        Turns: 125, Time: 00:02:15

Health: -2/14      AC:  2    Str: 11    XL:     1   Next: 90%
Magic:  0/2        EV:  9    Int: 10    God:
Gold:   0          SH:  0    Dex:  9    Spells: 2/3 levels left

rFire   . . .      SeeInvis .   (no weapon)
rCold   + . .      Faith    .   (no shield)
rNeg    + + +      Spirit   .   a - +0 robe
rPois   ∞          Reflect  .   (no helmet)
rElec   .          Harm     .   (no cloak)
rCorr   .          Rampage  .   (no gloves)
Will    .....                   (no boots)
Stlth   ++........              (no amulet)
HPRegen 0.00/turn               (no ring)
MPRegen 0.08/turn               (no ring)

@: inhibited regen, constricted
A: claws 1, cold resistance 1, negative energy resistance 3, inhibited
regeneration, torment resistance 2, devour on kill
a: no special abilities


You were on level 1 of the Dungeon.
You visited 1 branch of the dungeon, and saw 1 of its levels.

Inventory:

Armour
 a - a +0 robe (worn)


   Skills:
 + Level 1.9 Dodging
 + Level 2.4 Stealth
 + Level 1.9 Spellcasting
 + Level 4.0 Necromancy


You had 2 spell levels left.
You knew the following spells:

 Your Spells              Type           Power      Damage    Failure   Level
a - Necrotise             Necr           36%        1d5       6%          1

Your spell library contained the following spells:

 Spells                   Type           Power      Damage    Failure   Level
 Blink                    Tloc           0%         N/A       43%         2
 Vampiric Draining        Necr           9%         2d6       19%         3
 Animate Dead             Necr           9%         N/A       52%         4
 Lesser Beckoning         Tloc           0%         N/A       67%         3
 Agony                    Necr           9%         N/A       86%         5
 Manifold Assault         Tloc           0%         N/A       100%        5


Dungeon Overview and Level Annotations

Branches:
Dungeon (1/15)

Altars:


Innate Abilities, Weirdness & Mutations

You are immune to poison.
You have sharp fingernails.
Your flesh is cold resistant. (rC+)
You are immune to negative energy. (rN+++)
You do not regenerate when monsters are visible.
You are immune to unholy pain and torment.
You thrive by killing the living.


Message History

Your frilled lizard skeleton bites the ball python.
The ball python dies!
The ball python closely misses your frilled lizard skeleton.
The ball python barely misses your frilled lizard skeleton.
The goblin attacks as you move away! The goblin misses you.
The ball python bites your frilled lizard skeleton.
The ball python grabs your frilled lizard skeleton.
The ball python constricts your frilled lizard skeleton.
Your frilled lizard skeleton closely misses the ball python.
You aren't carrying any potions.
Sorry, you're not good enough to have a special ability.
Sorry, you're not good enough to have a special ability.
Casting: Necrotise (safe; 6% risk of failure)
Confirm with . or Enter, or press ? or * to list all spells.
Aiming: Necrotise (safe; 6% risk of failure)
Press: ? - help, Shift-Dir - straight line, f - goblin
Aim: a goblin, wielding a +0 dagger (chance to affect: 76%)
The goblin barely resists.
The ball python bites your frilled lizard skeleton.
Your frilled lizard skeleton is destroyed!
The goblin hits you but does no damage.
Casting: Necrotise (safe; 6% risk of failure)
Confirm with . or Enter, or press ? or * to list all spells.
Aiming: Necrotise (safe; 6% risk of failure)
Press: ? - help, Shift-Dir - straight line, f/p - goblin
Aim: a goblin, wielding a +0 dagger (chance to affect: 76%)
The goblin writhes in agony.
The goblin misses you.
You aren't carrying any potions.
Sorry, you're not good enough to have a special ability.
You scratch the goblin.
You kill the goblin!
The ball python barely misses you. x2
You scratch the ball python.
The ball python is moderately wounded.
The ball python misses you. The ball python grabs you.
The ball python constricts you.
You completely miss the ball python.
The ball python is moderately wounded.
The ball python bites you.
You die...

#.#.#.#....#
#.#.#.#......
#.#+#.#.#.##.#
#.....#.... ..
#....## #....+
#....#
######....#
#.....@...+
#.....S...#
#$........#
#...!†....#
#.........#
#.........#
#.........#
#.........#
#.........#


You could see a ball python.

Vanquished Creatures
  A goblin (D:1)
  A hobgoblin (D:1)
  A bat (D:1)
  A frilled lizard (D:1)
4 creatures vanquished.

Vanquished Creatures (collateral kills)
  2 ball pythons (D:1)
2 creatures vanquished.

Grand Total: 6 creatures vanquished

Notes
Turn   | Place    | Note
-------+----------+-------------------------------------------
     0 | D:1      | croobank the Ghoul Necromancer began the quest for the Orb.
     0 | D:1      | Reached XP level 1. HP: 14/14 MP: 2/2
   125 | D:1      | Slain by a ball python

Illustrated notes

Levels and vault maps discovered:
D:1:      wander_arrival_peaceful_grave, layout_basic

Action                   || total
-------------------------++-------
Melee: Unarmed           ||     5
 Cast: Necrotise         ||     9
  Use: Potion            ||     1
Armor: Robe              ||     3
Dodge: Dodged            ||     9
